 Dungeon Crawl Stone Soup version 0.28.0-1-gb440e238dd (webtiles) character file.

Game seed: 6554735277154369335

83 issech the Cudgeller (level 4, -5/44 HPs)
             Began as a Troll Monk on Feb 20, 2022.
             Slain by a gnoll (7 damage)
             ... on level 2 of the Dungeon.
             The game lasted 00:03:35 (1218 turns).

issech the Cudgeller (Troll Monk)                   Turns: 1218, Time: 00:03:36

Health: -5/44      AC:  4    Str: 19    XL:     4   Next: 22%
Magic:  3/3        EV: 10    Int:  6    God:
Gold:   85         SH:  0    Dex: 14    Spells: 3/3 levels left

rFire   + . .      SeeInvis .   a - +0 mace
rCold   . . .      Faith    .   (no shield)
rNeg    . . .      Spirit   .   b - +0 robe
rPois   .          Reflect  .   (helmet restricted)
rElec   .          Harm     .   (no cloak)
rCorr   .          Rampage  .   (gloves unavailable)
Will    .....                   (boots unavailable)
Stlth   ++........              (no amulet)
HPRegen 0.94/turn               h - ring of protection from fire
MPRegen 0.08/turn               (no ring)

@: no status effects
A: large, unfitting armour, claws 3, regeneration 1, shaggy fur 1, tough skin 1
a: no special abilities


You were on level 2 of the Dungeon.
You visited 1 branch of the dungeon, and saw 3 of its levels.

You collected 85 gold pieces.

Inventory:

Hand Weapons
 a - a +0 mace (weapon)
 m - a +2 short sword of draining
 n - a +0 short sword of venom
Missiles
 e - 3 poisoned darts (quivered)
 g - 5 boomerangs
 j - 31 bolts
 l - 5 stones
Armour
 b - a +0 robe (worn)
Jewellery
 h - a ring of protection from fire (left claw)
Scrolls
 c - 2 scrolls of teleportation {unknown}
 d - 3 scrolls of identify {unknown}
 f - a scroll of enchant armour {unknown}
 i - a scroll of holy word {unknown}
Potions
 k - a potion of might {unknown}


   Skills:
 + Level 2.9 Fighting
 + Level 3.8 Maces & Flails
 + Level 2.8 Dodging
 + Level 1.1 Stealth


You had 3 spell levels left.
You didn't know any spells.
Your spell library was empty.

Dungeon Overview and Level Annotations

Branches:
Dungeon (3/15)

Altars:


Innate Abilities, Weirdness & Mutations

You are too large for most types of armour.
You have claws for hands.
Your natural rate of healing is unusually fast.
You are covered in fur. (AC +1)
You have tough skin. (AC +1)


Message History

You kill the rat!
A goblin comes into view. It is wielding a +0 club.
A gnoll comes into view. It is wielding a +0 club.
You see here a rat corpse.
The gnoll hits you with a +0 halberd.
You barely miss the gnoll.
The goblin shouts!
The gnoll hits you with a +0 halberd!
The gnoll shouts!
You hear a shout!
You closely miss the gnoll.
A gnoll comes into view. It is wielding a +0 spear.
The gnoll hits you with a +0 halberd! The goblin closely misses you.
The gnoll closely misses you.
You see here a rat corpse.
You hit the goblin.
You kill the goblin!
You hit the gnoll.
The gnoll is moderately wounded.
The gnoll hits you but does no damage. The gnoll closely misses you.
The gnoll barely misses you. The gnoll hits you with a +0 halberd.
You see here a +0 club.
You hit the gnoll.
The gnoll is moderately wounded.
The gnoll hits you from afar with a +0 spear.
The gnoll completely misses you. The gnoll closely misses you.
The gnoll hits you with a +0 club.
The gnoll hits you from afar with a +0 halberd!
* * * LOW HITPOINT WARNING * * *
You hit the gnoll.
The gnoll is heavily wounded.
The gnoll barely misses you.
The gnoll hits you from afar with a +0 halberd!
* * * LOW HITPOINT WARNING * * *
The gnoll closely misses you.
Unknown command.
You hit the gnoll.
The gnoll is severely wounded.
The gnoll hits you from afar with a +0 halberd!
You die...

........$..#
...........###
.............###.
###.............
...............
.####..g###..##
###g###..#
#)##...# #@g..†.#
.#
####...#####..#
##........##
#..#.......
#.#.##..# #.#
#..#.##..# #.#
#.##.##..# #.#
#.##.##..# #.#
#........#


You could see 3 gnolls.

Vanquished Creatures
  4 adders (D:2)
  A worm (D:2)
  A dart slug (D:1)
  5 endoplasms
  A giant cockroach (D:1)
  4 goblins
  3 hobgoblins (D:1)
  3 jackals (D:1)
  7 ball pythons (D:1)
  5 bats
  A frilled lizard (D:1)
  2 kobolds (D:2)
  5 rats
42 creatures vanquished.

Vanquished Creatures (others)
  A plant (D:2)
1 creature vanquished.

Grand Total: 43 creatures vanquished

Notes
Turn   | Place    | Note
-------+----------+-------------------------------------------
     0 | D:1      | issech the Troll Monk began the quest for the Orb.
     0 | D:1      | Reached XP level 1. HP: 22/22 MP: 0/0
   133 | D:1      | Reached XP level 2. HP: 29/29 MP: 1/1
   205 | D:1      | Reached skill level 3 in Maces & Flails
   347 | D:1      | Reached XP level 3. HP: 36/36 MP: 2/2
   920 | D:2      | You fall into a shaft and drop 1 floor!
  1123 | D:2      | Reached XP level 4. HP: 43/43 MP: 3/3
  1217 | D:2      | HP: 1/44 [gnoll (10)]
  1218 | D:2      | Slain by a gnoll

Illustrated notes

Levels and vault maps discovered:
D:1:      mushboom_english_gardens, layout_basic
D:2:      layout_loops_ring, dreamdust_ecumenical_altar_grove
D:3:      layout_loops_ring, lightli_temple_of_fire

Skill      XL: |  1  2 |
---------------+-------+-----
Maces & Flails | 3 |  3.8
Fighting       | |  2.9
Dodging        | |  2.8
Stealth        | |  1.1

Action                   |  1- 3 |  4- 6 || total
-------------------------+-------+-------++-------
Melee: Mace              |   105 |    16 ||   121
       Punch             |     1 |       ||     1
Throw: Dart              |     1 |       ||     1
 Stab: Sleeping          |     4 |       ||     4
Armor: Robe              |    57 |     3 ||    60
Dodge: Dodged            |    74 |    13 ||    87
